 Dungeon Crawl Stone Soup version 0.32-a0-35-gd9ff480968 (webtiles) character file.

Game seed: 18290905204453462325

1618 IdlyInterested the Charlatan (level 8, 0/56 HPs)
             Began as a Demonspawn Gladiator on Jan 22, 2024.
             Slain by an orc warrior
             ... wielding a +0 trident
              (8 damage)
             ... on level 7 of the Dungeon.
             The game lasted 00:20:09 (5339 turns).

IdlyInterested the Charlatan (Demonspawn Gladiator) Turns: 5339, Time: 00:20:10

Health: 0/56       AC: 10    Str: 16    XL:     8   Next: 64%
Magic:  0/11       EV: 12    Int: 10    God:
Gold:   385        SH:  0    Dex: 20    Spells: 9/11 levels left

rFire   + . .        a - +0 quarterstaff
rCold   + . .        (shield currently unavailable)
rNeg    . . .        A - +1 ring mail {rC+}
rPois   .            c - +0 helmet
rElec   .            (no cloak)
rCorr   .            r - +0 pair of gloves
SInv    .            (no boots)
Will    .....        u - amulet of guardian spirit
Stlth   +++          G - ring of protection from fire
HPRegen 0.29/turn    h - +6 ring of dexterity
MPRegen 0.12/turn

%: guardian spirit
@: no status effects
A: molten scales 1, demonic guardian 1, demonic magic 2
a: no special abilities


You were on level 7 of the Dungeon.
You visited 2 branches of the dungeon, and saw 8 of its levels.

You collected 385 gold pieces.

Inventory:

Hand Weapons
 a - a +0 quarterstaff (weapon)
 l - a +0 dagger
 p - a +1 dagger of draining
 C - a +0 trident
 E - a +0 rapier
Missiles
 d - 4 throwing nets
 e - a javelin
 f - 9 poisoned darts
 g - 75 stones (quivered)
Armour
 c - a +0 helmet (worn)
 r - a +0 pair of gloves (worn)
 y - an orb of energy
 A - a +1 ring mail of cold resistance (worn)
 J - a +0 robe of willpower
Jewellery
 h - a +6 ring of dexterity (right hand)
 u - an amulet of guardian spirit (around neck)
 v - a ring of wizardry
 G - a ring of protection from fire (left hand)
Talismans
 s - a beast talisman
 w - a maw talisman
Wands
 m - a wand of flame (15)
Scrolls
 j - a scroll of amnesia {unknown}
 n - a scroll of fear {unknown}
 o - a scroll of teleportation
 t - a scroll of acquirement {unknown}
 x - a scroll of poison {unknown}
 B - a scroll of enchant armour {unknown}
 D - 3 scrolls of identify {unknown}
 F - a scroll of vulnerability {unknown}
 H - a scroll of brand weapon {unknown}
 K - a scroll of torment {unknown}
Potions
 b - a potion of brilliance {unknown}
 i - a potion of enlightenment {unknown}
 k - 3 potions of curing
 q - 2 potions of heal wounds
 z - a potion of resistance {unknown}
 I - a potion of ambrosia {unknown}


   Skills:
 - Level 2.0 Fighting
 - Level 4.0 Short Blades
 + Level 4.6 Staves
 - Level 2.0 Throwing
 - Level 1.0 Armour
 - Level 3.0 Dodging
 - Level 5.0 Stealth
 - Level 2.0 Spellcasting
 - Level 2.0 Conjurations
 + Level 0.3 Necromancy
 - Level 2.0 Invocations
 * Level 5.0 Evocations
 - Level 2.0 Shapeshifting


You had 9 spell levels left.
You knew the following spells:

 Your Spells              Type           Power      Damage    Failure   Level
a - Magic Dart            Conj           20%        1d4       26%         1
b - Necrotise             Necr           4%         1d4       47%         1

Your spell library contained the following spells:

 Spells                   Type           Power      Damage    Failure   Level
 Momentum Strike          Conj/Tloc      6%         3d8       52%         2
 Blink                    Tloc           2%         N/A       65%         2
 Call Imp                 Summ           2%         N/A       65%         2
 Lesser Beckoning         Tloc           2%         N/A       65%         2
 Vampiric Draining        Necr           1%         2d6       85%         3
 Martyr's Knell           Necr/Summ      1%         N/A       99%         4
 Curse of Agony           Necr           1%         N/A       100%        5


Dungeon Overview and Level Annotations

Branches:
Dungeon (7/15)             Temple (1/1) D:5

Altars:
Cheibriados
Dithmenos
Fedhas
Hepliaklqana
Kikubaaqudgha
Makhleb
Okawaru
Qazlal
Sif Muna
Trog
Uskayaw
Vehumet
Wu Jian
Xom
Yredelemnul


Innate Abilities, Weirdness & Mutations

You are partially covered in molten scales. (AC +2)
A weak demonic guardian rushes to your aid.
Spells you cast may paralyse nearby enemies.


Message History

You hit the orc warrior but do no damage.
The orc warrior is lightly wounded.
The orc warrior hits you with a +0 trident.
You hit the orc warrior.
The orc warrior is moderately wounded.
The orc warrior hits you with a +0 trident.
You hit the orc warrior but do no damage.
The orc warrior is moderately wounded.
The orc warrior hits you but does no damage.
You hit the orc warrior.
The orc warrior is moderately wounded.
The orc warrior hits you with a +0 trident.
You closely miss the orc warrior.
The orc warrior is moderately wounded.
The orc warrior hits you with a +0 trident!
You hit the orc warrior.
The orc warrior is heavily wounded.
The orc warrior misses you.
The orc warrior hits you with a +0 trident.
* * * LOW HITPOINT WARNING * * *
You hit the orc warrior.
The orc warrior is severely wounded.
The orc warrior hits you but does no damage.
You barely miss the orc warrior.
The orc warrior is severely wounded.
The orc warrior hits you but does no damage.
You closely miss the orc warrior.
The orc warrior is severely wounded.
The orc warrior hits you with a +0 trident!
* * * LOW HITPOINT WARNING * * *
A demonic guardian appears!
You barely miss the orc warrior.
The orc warrior is severely wounded.
The orc warrior hits you but does no damage.
You swap places.
Your quasit barely misses the orc warrior.
Your quasit closely misses the orc warrior.
Your quasit claws the orc warrior but does no damage.
The orc warrior hits you from afar with a +0 trident!
You die...

##########
#.....o.. ..
..#o.### #.
......# #.
#..#.#
#.####..#.##.#
#..@5o.......#
#########.####
... ##.# .# #


You could see an orc warrior (ally target) and a friendly quasit (summoned).

Vanquished Creatures
  Sigmund (D:2)
  A steam dragon (D:6)
  An ice beast (D:6)
  2 phantoms
  A kobold brigand (D:6)
  Blork the orc (D:6)
  2 bullfrogs (D:6)
  A scorpion (D:5)
  A bombardier beetle (D:5)
  3 hounds (D:5)
  2 jellies
  2 orc priests
  2 iguanas (D:6)
  Terence (D:3)
  3 orc wizards
  10 adders
  A gnoll (D:2)
  A shadow imp (D:5)
  A white imp (D:6)
  3 ribbon worms
  3 dart slugs
  17 orcs
  9 endoplasms
  3 giant cockroaches
  9 goblins
  9 hobgoblins
  3 quokkas
  2 ball pythons
  9 bats
  3 frilled lizards (D:1)
  15 kobolds
  9 rats
131 creatures vanquished.

Vanquished Creatures (collateral kills)
  Eustachio (D:4)
  A goblin (D:4)
2 creatures vanquished.

Grand Total: 133 creatures vanquished

Notes
Turn   | Place    | Note
-------+----------+-------------------------------------------
     0 | D:1      | IdlyInterested the Demonspawn Gladiator began the quest for
                  | the Orb.
     0 | D:1      | Reached XP level 1. HP: 16/16 MP: 1/1
   125 | D:1      | Gained mutation: Spells you cast may paralyse adjacent
                  | enemies. [demonic ancestry]
   125 | D:1      | Reached XP level 2. HP: 22/22 MP: 2/2
   140 | D:1      | Reached skill level 1 in Evocations
   178 | D:1      | Reached skill level 1 in Shapeshifting
   342 | D:1      | Reached skill level 1 in Stealth
   419 | D:1      | Found a faded altar of an unknown god.
   442 | D:1      | Reached XP level 3. HP: 27/27 MP: 3/3
   459 | D:1      | Reached skill level 1 in Invocations
  1149 | D:2      | Gained mutation: You are partially covered in molten
                  | scales. (AC +2) [demonic ancestry]
  1149 | D:2      | Reached XP level 4. HP: 33/33 MP: 3/5
  1213 | D:2      | Noticed Sigmund
  1223 | D:2      | Killed Sigmund
  1224 | D:2      | Reached skill level 1 in Spellcasting
  1224 | D:2      | Gained mutation: A weak demonic guardian rushes to your
                  | aid. [demonic ancestry]
  1224 | D:2      | Reached XP level 5. HP: 37/38 MP: 6/6
  1757 | D:3      | Noticed Terence
  1773 | D:3      | Killed Terence
  1774 | D:3      | Gained mutation: Spells you cast may paralyse nearby
                  | enemies. [demonic ancestry]
  1774 | D:3      | Reached XP level 6. HP: 34/44 MP: 5/7
  2103 | D:3      | Found a burning altar of Makhleb.
  2483 | D:4      | Reached skill level 1 in Armour
  2610 | D:4      | Noticed Eustachio
  2630 | D:4      | Killed Eustachio
  2631 | D:4      | Reached XP level 7. HP: 17/50 MP: 2/8
  2993 | D:4      | Found a radiant altar of Vehumet.
  3235 | D:5      | Entered Level 5 of the Dungeon
  3267 | D:5      | Found a staircase to the Ecumenical Temple.
  3313 | Temple   | Entered the Ecumenical Temple
  4308 | D:6      | Reached XP level 8. HP: 50/56 MP: 8/10
  4315 | D:6      | Learned a level 1 spell: Magic Dart
  4379 | D:6      | Found a shimmering blue altar of Sif Muna.
  4394 | D:6      | Noticed Blork the orc
  4399 | D:6      | Killed Blork the orc
  4449 | D:6      | Noticed a +0 falchion
  4449 | D:6      | Noticed a +0 short sword
  4449 | D:6      | Noticed a +0 spear
  4453 | D:6      | Noticed a +0 dagger
  4454 | D:6      | Noticed a +0 falchion
  4456 | D:6      | Noticed a +0 dagger
  4457 | D:6      | Noticed a +0 spear
  4556 | D:6      | Reached skill level 5 in Evocations
  4602 | D:6      | Reached skill level 1 in Conjurations
  4675 | D:6      | Noticed a +0 short sword
  4683 | D:6      | Found a hide-covered altar of Uskayaw.
  4800 | D:6      | Learned a level 1 spell: Necrotise
  5317 | D:7      | Reached skill level 5 in Stealth
  5339 | D:7      | Slain by an orc warrior

Illustrated notes

Levels and vault maps discovered:
D:1:      tarquinn_simple_flora_water_f, layout_rooms,
          shapermc_ecumenical_altar_flowoftime, minmay_3d_cube
D:2:      layout_loops_ring, minmay_pentomino_q2, uniq_sigmund
D:3:      layout_loops_ring, mainiacjoe_overflow_alcove_4, uniq_terence
D:4:      layout_loops_cross, vehumet_crystals, uniq_eustachio
D:5:      layout_basic, tso_oasis_becter, minmay_temple_entry_wispy,
          kennysheep_opposing_triangles
D:6:      layout_loops_ring, mainiacjoe_overflow_tiny_flanked,
          nicolae_uskayaw_en_pointe, kennysheep_small_square, uniq_blork_the_orc
D:7:      layout_loops_cross, nemelex_spade_bored_becter, serial_shops, shop,
          kennysheep_donut, pf_guarded_unrand_woodcutter
Temple:   minmay_temple_forest_path

Skill      XL: |  1  2  3  4  5  6  7  8 |
---------------+-------------------------+-----
Evocations     | 1 2 3 4 5 |  5.0
Shapeshifting  | 1 2 |  2.0
Stealth        | 1 2 3 4 5 |  5.0
Staves         | 3 4 |  4.6
Invocations    | 1 2 |  2.0
Short Blades   | 3 4 |  4.0
Spellcasting   | 1 2 |  2.0
Dodging        | 3 |  3.0
Armour         | 1 |  1.0
Throwing       | 2 |  2.0
Conjurations   | 2 |  2.0
Fighting       | |  2.0
Necromancy     | |  0.3

Action                     |  1- 3 |  4- 6 |  7- 9 || total
---------------------------+-------+-------+-------++-------
  Melee: Quarterstaff      |    86 |   113 |   152 ||   351
         Dagger            |    51 |    38 |   154 ||   243
         Punch             |       |       |     3 ||     3
  Throw: Stone             |     3 |       |     7 ||    10
         Dart              |       |     1 |       ||     1
   Cast: Magic Dart        |       |       |     1 ||     1
    Use: Potion            |     2 |       |     1 ||     3
         Scroll            |       |       |     1 ||     1
   Stab: Sleeping          |       |     2 |     6 ||     8
         Paralysed         |       |       |     1 ||     1
 Armour: Leather armour    |    59 |       |       ||    59
         Ring mail         |    11 |   138 |   174 ||   323
         Robe              |     4 |       |       ||     4
  Dodge: Dodged            |   101 |    86 |   161 ||   348

Table legend: (Time is in decaauts)
 A = Elapsed time spent in this place.
 B = Non-inter-level travel time spent in this place.
 C = Inter-level travel time spent in this place.
 D = Time resting spent in this place.
 E = Time spent auto-exploring this place.
 F = Levels seen in this place.
 G = Mean time per level.
                   A        B        C        D        E       F      G
               +--------+--------+--------+--------+--------+-----+--------+
         Total |   5346 |   5119 |    227 |    443 |   3087 |   8 |  668.2 |
       Dungeon |   5344 |   5117 |    227 |    443 |   3087 |   7 |  763.4 |
        Temple |      1 |      1 |      0 |      0 |      0 |   1 |    1.0 |
               +--------+--------+--------+--------+--------+-----+--------+

Top non-repeatable levels by time:
     D:5: 1082 daAuts
     D:6: 956 daAuts
     D:4: 887 daAuts
     D:2: 867 daAuts
     D:1: 810 daAuts
     D:3: 694 daAuts
     D:7: 44 daAuts
  Temple: 1 daAuts
